 Dungeon Crawl Stone Soup version 0.26.1-10-gdfb7c7de75 (webtiles) character file.

Game seed: 2166253353112707770

215 DearestLeader the Sneak (level 5, -5/24 HPs)
             Began as a Spriggan Enchanter on Mar 31, 2021.
             Slain by an ogre
             ... wielding a +0 giant spiked club
              (29 damage)
             ... on level 4 of the Dungeon.
             The game lasted 00:10:54 (4783 turns).

DearestLeader the Sneak (Spriggan Enchanter)        Turns: 4783, Time: 00:10:55

Health: -5/24      AC:  3    Str:  4    XL:     5   Next: 60%
Magic:  2/10       EV: 18    Int: 18    God:
Gold:   100        SH:  5    Dex: 16    Spells: 3/9 levels left

rFire    + . .     SeeInvis +   j - +1 dagger (venom)
rCold    . . .     Faith    .   (shield restricted)
rNeg     . . .     Spirit   .   b - +1 robe
rPois    .         Reflect  +   (helmet restricted)
rElec    .         Harm     .   (no cloak)
rCorr    .         Rampage  .   (gloves unavailable)
Will     .....                  (boots unavailable)
Stlth    +++.......             s - amulet of reflection
HPRegen  0.08/turn              l - ring of protection from fire
MPRegen  0.12/turn              (no ring)

@: confusing touch, very quick
A: very small, unfitting armour, see invisible, speed 3
a: no special abilities


You were on level 4 of the Dungeon.
You visited 1 branch of the dungeon, and saw 4 of its levels.

You collected 100 gold pieces.

Inventory:

Hand Weapons
 h - a +0 hunting sling
 j - a +1 dagger of venom (weapon)
Missiles
 f - a throwing net
 p - 95 stones
 v - 16 poisoned darts (quivered)
 w - 25 sling bullets
Armour
 b - a +1 robe (worn)
Jewellery
 l - a ring of protection from fire (left hand)
 s - an amulet of reflection (around neck)
Wands
 q - a wand of flame (25)
Scrolls
 k - a scroll of fear
 m - a scroll of enchant armour
 o - a scroll of magic mapping
 r - a scroll of immolation {unknown}
 t - a scroll of teleportation {unknown}
Potions
 a - a potion of heal wounds {unknown}
 c - 2 potions of cancellation {unknown}
 d - 3 potions of berserk rage
 e - a potion of mutation {unknown}
 g - 4 potions of flight {unknown}
 i - a potion of degeneration {unknown}
 n - 2 potions of curing {unknown}
 u - a potion of brilliance {unknown}


   Skills:
 * Level 4.8 Short Blades
 - Level 3.0 Dodging
 + Level 6.4 Stealth
 - Level 2.6 Spellcasting
 + Level 4.2 Hexes


You had 3 spell levels left.
You knew the following spells:

 Your Spells              Type           Power        Failure   Level
a - Corona                Hex            18%          3%          1
b - Ensorcelled Hibernat  Hex/Ice        20%          11%         2
c - Confusing Touch       Hex            17%          9%          3

Your spell library contained the following spells:

 Spells                   Type           Power        Failure   Level
 Tukima's Dance           Hex            17%          9%          3
 Dazzling Flash           Conj/Hex       20%          22%         3


Dungeon Overview and Level Annotations

Branches:
Dungeon (4/15)
 Temple: D:4-7

Altars:
Cheibriados
Okawaru
The Shining One

Annotations:
D:4 1 transporter


Innate Abilities, Weirdness & Mutations

You are very small and have problems with some larger weapons.
You are too small for most types of armour.
You have supernaturally acute eyesight. (SInv)
You cover ground extremely quickly.


Message History

Aim: an ogre, wielding a +0 giant spiked club (chance to affect: 41%)
The ogre resists with some effort.
Casting: Ensorcelled Hibernation (safe; 11% risk of failure)
Confirm with . or Enter, or press ? or * to list all spells.
Aiming: Ensorcelled Hibernation (safe; 11% risk of failure)
Press: ? - help, Shift-Dir - straight line, f/p - ogre
Aim: an ogre, wielding a +0 giant spiked club (chance to affect: 41%)
The ogre looks drowsy...
The ogre barely misses you.
You hit the ogre.
The ogre is poisoned.
The ogre is lightly wounded.
Casting: Ensorcelled Hibernation (safe; 11% risk of failure)
Confirm with . or Enter, or press ? or * to list all spells.
The spell is quite dangerous to cast (9% risk of failure)!
Continue anyway?
Your hands begin to glow red.
You barely miss the ogre.
The ogre is lightly wounded.
The ogre hits you with a +0 giant spiked club!!
Ouch! That really hurt!
You die...

### #.### . #.#.#
#..#############.#.# #########
#................#.###........
.......†....O@.........).#####
#...############.#.##..### #
#.#.##..# #.#.##..##### ###..#
#.#.........# ..#..#
#######.#.##..###.### # #r#..#
..........##..###.#.. ###.#..#
..................#.# ....#..#
.<...................


You could see an ogre (very poisoned).

Vanquished Creatures
  A hound (D:4)
  An iguana (D:4)
  Ijyb (D:3)
  2 gnolls (D:2)
  An adder (D:4)
  2 worms (D:4)
  3 dart slugs
  A leopard gecko (D:3)
  4 orcs
  7 giant cockroaches
  16 goblins
  8 hobgoblins
  7 jackals
  5 kobolds
  A quokka (D:2)
  A ball python (D:2)
  15 bats
  A frilled lizard (D:4)
  6 rats
83 creatures vanquished.

Notes
Turn   | Place    | Note
-------+----------+-------------------------------------------
     0 | D:1      | DearestLeader the Spriggan Enchanter began the quest for
                  | the Orb.
     0 | D:1      | Reached XP level 1. HP: 9/9 MP: 5/5
   558 | D:1      | Reached XP level 2. HP: 8/13 MP: 3/6
   561 | D:1      | Learned a level 2 spell: Ensorcelled Hibernation
  1580 | D:1      | Reached skill level 5 in Stealth
  1947 | D:1      | Reached XP level 3. HP: 15/16 MP: 2/8
  2520 | D:2      | Learned a level 3 spell: Confusing Touch
  2713 | D:2      | Found an iron altar of Okawaru.
  2735 | D:2      | Reached XP level 4. HP: 21/21 MP: 9/9
  3358 | D:3      | Found a snail-covered altar of Cheibriados.
  3794 | D:3      | Noticed Ijyb
  3807 | D:3      | Killed Ijyb
  3808 | D:3      | Reached skill level 6 in Stealth
  4060 | D:4      | Reached XP level 5. HP: 24/24 MP: 10/10
  4138 | D:4      | Found a transporter.
  4334 | D:4      | Found a glowing golden altar of the Shining One.
  4765 | D:4      | Noticed an ogre
  4783 | D:4      | Slain by an ogre

Illustrated notes

Levels and vault maps discovered:
D:1:      minmay_arrival_five_plusses, layout_basic
D:2:      layout_rooms, okawaru_trees_1
D:3:      kennysheep_goblin_castle, layout_basic, old_standard_altar,
          chequers_serial_rivers_small_b, uniq_ijyb
D:4:      layout_basic, minmay_temple_entry_tees, gammafunk_ghost_arena,
          chequers_mini_garden, lemuel_altar_in_water, uniq_blork_the_orc

Skill      XL: |  1  2  3  4 |
---------------+-------------+-----
Short Blades   | 2 3 4 |  4.8
Hexes          | 4 |  4.2
Stealth        | 5 6 |  6.4
Dodging        | |  3.0
Spellcasting   | |  2.6

Action                   |  1- 3 |  4- 6 || total
-------------------------+-------+-------++-------
Melee: Dagger            |   111 |    91 ||   202
 Cast: Corona            |     9 |       ||     9
       Ensorcelled Hiber |    32 |    22 ||    54
       Confusing Touch   |       |     2 ||     2
  Use: Scroll            |     1 |     3 ||     4
 Stab: Sleeping          |    24 |    20 ||    44
       Distracted        |     1 |       ||     1
       Confused          |       |     1 ||     1
Armor: Robe              |    12 |     7 ||    19
Dodge: Dodged            |    78 |    61 ||   139
Block: Other             |       |     5 ||     5
